Map: Crimson Court LE

Players

Nihed - Winner!

  • Race: Protoss Protoss
  • League: Master
  • Spawn Location: 7:00

AirkingSr

  • Race: Terran Terran
  • League: Master
  • Spawn Location: 1:00

VOD

Have the link to the VOD?

Description

Time

  • Played on: April 25, 2024, 9:23 a.m.
  • Length: 8:20
Show
View Real Time Build Order
Export as new Build Order

Nihed Protoss - Winner!

Build Orders: 1 Gate Expand, Oracle Opening 

Get SALT Encoding   

  12  0:00  Probe  
  13  0:12  Probe  
  14  0:17  Pylon  
  14  0:24  Probe (Chrono Boost)  
  15  0:36  Gateway, Probe (Chrono Boost)  
  16  0:43  Probe (Chrono Boost)  
  16  0:45  Assimilator  
  17  0:51  Probe  
  18  1:03  Probe  
  19  1:15  Probe  
  20  1:25  Nexus  
  20  1:27  Probe  
  21  1:37  Cybernetics Core  
  21  1:44  Assimilator  
  21  1:52  Pylon  
  21  1:53  Probe  
  22  2:05  Probe  
  23  2:11  Adept (Chrono Boost)  
  23  2:15  Warp Gate  
  25  2:17  Probe  
  26  2:29  Probe  
  27  2:34  Adept  
  28  2:38  Stargate  
  28  2:40  Probe (Chrono Boost)  
  28  2:41  Probe (Chrono Boost)  
  32  2:52  Probe (Chrono Boost)  
  32  2:53  Probe (Chrono Boost)  
  32  2:57  Probe x2 (Chrono Boost)  
  33  3:04  Adept  
  36  3:06  Probe  
  36  3:08  Probe  
  38  3:15  Pylon  
  38  3:18  Probe  
  38  3:19  Oracle (Chrono Boost)  
  39  3:20  Probe  
  43  3:31  Probe  
  43  3:32  Probe  
  45  3:40  Nexus  
  45  3:43  Pylon  
  45  3:45  Probe  
  45  3:47  Probe  
  47  3:55  Oracle  
  50  3:58  Probe  
  50  3:59  Probe  
  50  4:00  Pylon  
  52  4:05  Twilight Council  
  52  4:10  Probe  
  52  4:16  Probe (Chrono Boost)  
  52  4:20  Assimilator  
  52  4:22  Probe (Chrono Boost)  
  53  4:24  Forge  
  53  4:28  Probe (Chrono Boost)  
  55  4:31  Probe (Chrono Boost)  
  55  4:32  Oracle  
  55  4:33  Probe (Chrono Boost)  
  55  4:37  Gateway  
  59  4:39  Probe  
  59  4:41  Gateway  
  59  4:42  Probe  
  59  4:44  Blink (Chrono Boost)  
  61  4:51  Probe  
  62  4:55  Probe  
  62  4:56  Probe  
  64  5:03  Probe  
  64  5:06  Protoss Ground Armor Level 1 (Chrono Boost)  
  66  5:07  Probe  
  66  5:08  Gateway, Probe  
  67  5:15  Probe  
  67  5:19  Shield Battery, Probe  
  67  5:20  Probe  
  70  5:27  Probe  
  71  5:28  Stalker  
  71  5:31  Probe  
  71  5:32  Probe  
  75  5:36  Gateway  
  75  5:39  Probe  
  75  5:40  Gateway  
  76  5:44  Gateway  
  76  5:50  Gateway  
  76  5:51  Nexus  
  76  5:52  Pylon  
  76  5:56  Stalker x3  
  82  6:03  Probe x2  
  84  6:06  Pylon  
  84  6:12  Pylon  
  84  6:14  Pylon  
  84  6:19  Gateway, Stalker x3  
  84  6:20  Gateway  
  84  6:22  Stalker  
  84  6:25  Probe x2  
  94  6:26  Probe  
  95  6:33  Charge (Chrono Boost)  
  95  6:37  Probe x2  
  95  6:38  Probe  
  98  6:41  Forge  
  98  6:46  Pylon  
  96  6:49  Probe  
  97  6:58  Probe  
  96  7:01  Stalker x4  
  104  7:11  Zealot x4  
  104  7:12  Pylon  
  104  7:15  Zealot, Sentry  
  116  7:19  Probe x2  
  118  7:27  Zealot x4  
  126  7:31  Nexus  
  126  7:34  Zealot x4  
  134  7:40  Zealot x2  
  138  7:44  Gateway, Probe  
  138  7:47  Gateway, Probe  
  138  7:50  Templar Archives  
  140  7:53  Zealot x2  
  140  7:54  Zealot x2  
  148  7:59  Pylon  
  148  8:04  Probe x2  
  148  8:06  Probe  
  136  8:15  Pylon  
Show
View Real Time Build Order
Export as new Build Order

AirkingSr Terran 

Build Orders: Reaper Expand 

Get SALT Encoding   

  12  0:00  SCV  
  13  0:12  SCV  
  14  0:17  Supply Depot  
  14  0:24  SCV  
  15  0:39  SCV  
  15  0:40  Barracks  
  16  0:44  Refinery  
  16  0:51  SCV  
  17  1:03  SCV  
  18  1:15  SCV  
  19  1:27  Orbital Command, Reaper  
  20  1:40  Command Center  
  20  1:47  Supply Depot  
  20  1:53  SCV  
  21  1:59  Marine  
  22  2:05  SCV  
  22  2:07  Factory  
  23  2:16  Bunker  
  23  2:17  SCV  
  23  2:19  Refinery  
  24  2:29  SCV  
  25  2:38  Barracks Reactor  
  25  2:41  SCV  
  26  2:53  Hellion, SCV  
  26  2:54  Starport  
  30  2:59  Orbital Command  
  28  3:05  SCV  
  29  3:14  Marine x2  
  29  3:16  Widow Mine  
  29  3:18  SCV  
  34  3:26  SCV  
  35  3:30  SCV  
  35  3:31  Viking, Supply Depot  
  38  3:38  SCV, Marine x2, Widow Mine  
  43  3:42  SCV  
  44  3:52  Barracks  
  44  3:53  Barracks  
  42  3:58  SCV x2  
  42  3:59  Marine x2  
  46  4:04  Factory Tech Lab  
  46  4:08  Starport Tech Lab  
  45  4:19  Marine x2  
  45  4:20  SCV  
  45  4:21  Refinery  
  45  4:22  Refinery  
  45  4:23  Engineering Bay, SCV  
  49  4:29  Siege Tank  
  52  4:32  SCV  
  52  4:35  SCV  
  54  4:39  Supply Depot  
  54  4:42  Supply Depot  
  54  4:44  Starport Reactor  
  54  4:48  Barracks Tech Lab  
  54  4:59  Terran Infantry Weapons Level 1  
  54  5:00  Marine x2  
  54  5:01  SCV x2, Stimpack  
  54  5:06  Combat Shield  
  58  5:07  Marine  
  58  5:08  Marauder  
  58  5:13  SCV x2  
  63  5:18  Marine x2  
  65  5:25  SCV x2  
  69  5:29  Supply Depot  
  69  5:31  Marauder  
  69  5:35  Supply Depot  
  69  5:36  Marine  
  69  5:42  Supply Depot  
  70  5:50  Medivac x2, Marine  
  70  5:51  SCV x2  
  70  5:56  Siege Tank  
  82  5:57  Marauder  
  82  6:04  Barracks  
  82  6:06  Barracks, Marine  
  82  6:07  Marauder  
  82  6:08  Marine  
  86  6:12  Supply Depot  
  86  6:14  Supply Depot  
  88  6:18  Marauder  
  88  6:22  Medivac  
  88  6:23  Medivac  
  92  6:29  Siege Tank  
  94  6:33  Marine x2  
  94  6:34  Marauder  
  98  6:41  Marauder  
  99  6:49  Command Center  
  98  6:55  Marauder  
  92  7:01  Marine  
  92  7:02  Marine  
  92  7:03  Marauder  
  92  7:06  Medivac x2  
  100  7:09  Barracks Tech Lab  
  100  7:13  Barracks Tech Lab  
  100  7:17  Marauder, Siege Tank  
  100  7:19  Concussive Shells, Marine  
  100  7:20  Marine  
  107  7:24  Marauder  
  109  7:35  SCV  
  110  7:37  SCV  
  110  7:51  Supply Depot  
  110  7:54  Supply Depot  
  110  7:57  Supply Depot  
  110  8:01  Marine x4  
  115  8:07  Supply Depot x2  
Tags
 
Add a new tag
Caveats
  • Supply blocks, unpowered buildings, or Contaminate may cause inaccurate times.
  • Supply counts are checked every 10 seconds.